 Dungeon Crawl Stone Soup version 0.29.1-2-gbd0b4ee654 (webtiles) character file.

Game seed: 13451433586002857030

177 kingsuperguy the Chopper (level 5, 0/47 HPs)
             Began as a Minotaur Berserker on Nov 17, 2022.
             Was a Believer of Trog.
             Slain by an orc wizard
             ... wielding a +1 dagger of speed
              (1 damage)
             ... on level 4 of the Dungeon.
             The game lasted 00:02:47 (3093 turns).

kingsuperguy the Chopper (Minotaur Berserker)       Turns: 3093, Time: 00:02:48

Health: 0/47       AC:  2    Str: 24    XL:     5   Next: 30%
Magic:  4/4        EV: 12    Int:  4    God:    Trog [**....]
Gold:   162        SH:  0    Dex:  9    Spells: 4/4 levels left

rFire   . . .      SeeInvis .   a - +0 hand axe
rCold   . . .      Faith    .   (no shield)
rNeg    . . .      Spirit   .   b - +0 animal skin
rPois   .          Reflect  .   (helmet restricted)
rElec   .          Harm     .   (no cloak)
rCorr   .          Rampage  .   (no gloves)
Will    .....                   (no boots)
Stlth   +.........              (no amulet)
HPRegen 0.15/turn               (no ring)
MPRegen 0.09/turn               (no ring)

@: confused, on berserk cooldown, attractive, hasted and slowed, studying Long
Blades
A: horns 2, retaliatory headbutt
a: Renounce Religion, Berserk, Trog's Hand


You were on level 4 of the Dungeon.
You worshipped Trog.
Trog was pleased with you.
You visited 1 branch of the dungeon, and saw 4 of its levels.

You collected 162 gold pieces.

Inventory:

Hand Weapons
 a - a +0 hand axe (weapon)
Missiles
 h - 2 javelins (quivered)
Armour
 b - a +0 animal skin (worn)
Jewellery
 q - a ring of poison resistance
Scrolls
 d - a scroll of amnesia {unknown}
 e - 2 scrolls of butterflies {unknown}
 f - a scroll of magic mapping {unknown}
 i - a scroll of enchant weapon {unknown}
 j - 4 scrolls of identify {unknown}
 k - 3 scrolls of teleportation {unknown}
 n - a scroll of fear {unknown}
Potions
 c - a potion of heal wounds {unknown}
 g - 2 potions of resistance {unknown}
 l - a potion of might {unknown}
 o - 2 potions of haste
 p - 2 potions of lignification {unknown}


   Skills:
 + Level 4.9 Fighting
 + Level 5.7 Axes
 + Level 2.7 Armour
 + Level 3.0 Dodging
 + Level 0.4 Stealth


You had 4 spell levels left.
You didn't know any spells.
Your spell library was empty.

Dungeon Overview and Level Annotations

Branches:
Dungeon (4/15)
 Temple: D:4-7

Altars:
Wu Jian

Shops:
D:2 !


Innate Abilities, Weirdness & Mutations

You have a pair of horns on your head.
You reflexively headbutt those who attack you in melee.


Message History

You barely miss something. Something hits you.
The orc hits you from afar with a +0 trident.
You bump into the rock wall.
You feel a strong urge to attack something.
You hear some strange, mumbled words.
You are more confused.
You closely miss something. Your headbutt misses something.
You hit the orc but do no damage. The orc hits you with a +0 club.
You slash the orc!
You feel the power of Trog in you as your rage grows.
You kill the orc!
Trog accepts your kill.
You miss something. You closely miss something. You slash something!
You miss something. Something hits you but does no damage.
The orc hits you from afar with a +0 trident!
Something hits you. Something hits you but does no damage.
You see here 15 gold pieces.
You feel a strong urge to attack something.
You are no longer berserk.
You are exhausted.
You feel yourself slow down. Something hits you but does no damage.
Something hits you but does no damage. Something hits you.
The orc hits you from afar with a +0 trident.
The orc barely misses you. Something hits you.
It was a potion of haste.
You feel yourself speed up. Something hits you. The orc misses you.
Something hits you. x2
* * * LOW HITPOINT WARNING * * *
Something hits you.
* * * LOW HITPOINT WARNING * * *
The orc hits you from afar with a +0 trident.
* * * LOW HITPOINT WARNING * * *
It was a potion of attraction.
You feel attractive to monsters. Something hits you.
* * * LOW HITPOINT WARNING * * *
Something hits you but does no damage.
The orc hits you from afar with a +0 trident.
* * * LOW HITPOINT WARNING * * *
Something hits you.
You die...

..# ..##
...# #..#
#..# ##.#
#########o.#
#......{..$#
##.....@.<##
##########


You could see an orc.

Vanquished Creatures
  Jessica (D:2)
  3 gnolls (D:3)
  7 adders
  3 dart slugs
  An orc (D:4)
  3 endoplasms (D:1)
  2 giant cockroaches
  4 goblins
  11 hobgoblins
  5 kobolds
  4 quokkas
  4 bats
  4 frilled lizards
  A rat (D:3)
53 creatures vanquished.

Notes
Turn   | Place    | Note
-------+----------+-------------------------------------------
     0 | D:1      | kingsuperguy the Minotaur Berserker began the quest for the
                  | Orb.
     0 | D:1      | Reached XP level 1. HP: 19/19 MP: 0/0
   109 | D:1      | Reached XP level 2. HP: 22/27 MP: 1/1
   138 | D:1      | Reached skill level 4 in Axes
   768 | D:2      | Found Viatukk's Distillery.
   775 | D:2      | Reached XP level 3. HP: 34/34 MP: 2/2
  1064 | D:2      | Found a faded altar of an unknown god.
  1070 | D:2      | Noticed Jessica
  1075 | D:2      | Killed Jessica
  1076 | D:2      | Reached XP level 4. HP: 31/41 MP: 3/3
  1285 | D:3      | Reached skill level 5 in Axes
  1316 | D:3      | Found an ornate altar of the Wu Jian Council.
  1682 | D:3      | Reached ** piety under Trog
  2475 | D:3      | Reached XP level 5. HP: 31/47 MP: 4/4
  3093 | D:4      | HP: 1/47 [orc/+0 trident (3)]
  3093 | D:4      | Slain by an orc wizard

Illustrated notes

Levels and vault maps discovered:
D:1:      psy_arrival_dodecagon, layout_rooms
D:2:      layout_rooms, serial_shops, shop, hellmonk_ecumenical_altar_lost_god,
          uniq_jessica
D:3:      layout_loops_cross, overflow_temple_1_default, minmay_hedge_maze
D:4:      layout_layer_cave, nicolae_ashenzari_skybound, serial_glass,
          glass_columns_b, glass_columns_a, enter_ossuary_1

Skill      XL: |  1  2  3  4  5 |
---------------+----------------+-----
Fighting       | 4 |  4.9
Axes           | 4 5 |  5.7
Dodging        | 3 |  3.0
Armour         | |  2.7
Stealth        | |  0.4

Action                   |  1- 3 |  4- 6 || total
-------------------------+-------+-------++-------
Melee: Hand axe          |    57 |    61 ||   118
       Headbutt          |     4 |     6 ||    10
       Punch             |     1 |       ||     1
Invok: Berserk           |       |     3 ||     3
  Use: Potion            |       |     2 ||     2
Armor: Animal skin       |    13 |    17 ||    30
Dodge: Dodged            |    37 |    37 ||    74
